 Dungeon Crawl Stone Soup version 0.29.1-2-gbd0b4ee654 (webtiles) character file.

Game seed: 14252304173321311045

4 Raikaria the Grasshopper (level 1, 0/17 HPs)
             Began as a Formicid Warper on Nov 7, 2022.
             Slain by a goblin
             ... wielding a +0 club
              (2 damage)
             ... on level 2 of the Dungeon.
             The game lasted 00:00:40 (127 turns).

Raikaria the Grasshopper (Formicid Warper)           Turns: 127, Time: 00:00:40

Health: 0/17       AC:  3    Str: 15    XL:     1   Next: 77%
Magic:  3/3        EV: 11    Int: 12    God:
Gold:   12         SH:  0    Dex: 13    Spells: 4/4 levels left

rFire   . . .      SeeInvis +   a - +0 mace
rCold   . . .      Faith    .   (no shield)
rNeg    . . .      Spirit   .   b - +0 leather armour
rPois   .          Reflect  .   (helmet unavailable)
rElec   .          Harm     .   (no cloak)
rCorr   .          Rampage  .   (no gloves)
Will    .....                   (no boots)
Stlth   +.........              (no amulet)
HPRegen 0.05/turn               (no ring)
MPRegen 0.08/turn               (no ring)

@: no status effects
A: permanent stasis, dig shafts and tunnels, antennae 3, four strong arms
a: Dig, Shaft Self


You were on level 2 of the Dungeon.
You visited 1 branch of the dungeon, and saw 2 of its levels.

You collected 12 gold pieces.

Inventory:

Hand Weapons
 a - a +0 mace (weapon)
Missiles
 c - 7 boomerangs of dispersal (quivered)
Armour
 b - a +0 leather armour (worn)
Scrolls
 e - a scroll of torment {unknown}
Potions
 d - a potion of ambrosia {unknown}
 f - a potion of berserk rage {unknown}


   Skills:
 + Level 2.3 Fighting
 + Level 2.1 Maces & Flails
 - Level 1.0 Throwing
 - Level 1.1 Armour
 - Level 1.7 Dodging
 + Level 2.3 Spellcasting
 + Level 2.7 Translocations


You had 4 spell levels left.
You didn't know any spells.
Your spell library contained the following spells:

 Spells                   Type           Power      Damage    Failure   Level
 Gell's Gravitas          Tloc           8%         N/A       30%         3
 Lesser Beckoning         Tloc           8%         N/A       30%         3
 Teleport Other           Tloc           8%         N/A       30%         3
 Stone Arrow              Conj/Erth      2%         3d7       69%         3
 Animate Armour           Summ/Erth      2%         N/A       97%         4
 Manifold Assault         Tloc           8%         N/A       96%         5
 Lehudib's Crystal Spear  Conj/Erth      0%         10d2      100%        8
 Blink                    Tloc           Unusable   N/A       N/A         2

Dungeon Overview and Level Annotations

Branches:
Dungeon (2/15)

Altars:


Innate Abilities, Weirdness & Mutations

You cannot be hasted, slowed, berserked, paralysed or teleported.
You can dig through walls and to a lower floor.
You have a pair of large antennae on your head. (SInv)
Your four strong arms can wield two-handed weapons with a shield.


Message History

The goblin shouts!
You hear an angry hiss.
The quokka misses you.
You miss the quokka.
The quokka bites you but does no damage.
The quokka barely misses you.
You hit the quokka but do no damage.
A frilled lizard comes into view.
The quokka barely misses you.
You closely miss the quokka. The goblin hits you with a +0 club.
The quokka bites you. x2; The goblin hits you with a +0 club.
You hit the quokka.
The quokka is moderately wounded.
The quokka bites you but does no damage.
The goblin barely misses you. The frilled lizard closely misses you.
You closely miss the quokka.
The quokka is moderately wounded.
The quokka closely misses you. The goblin closely misses you.
The frilled lizard bites you. The quokka barely misses you.
You barely miss the quokka.
The quokka is moderately wounded.
The frilled lizard barely misses you. The goblin closely misses you.
The quokka bites you but does no damage.
The goblin misses you. The frilled lizard bites you.
* * * LOW HITPOINT WARNING * * *
You hit the quokka but do no damage.
The quokka is moderately wounded.
The quokka bites you.
* * * LOW HITPOINT WARNING * * *
The goblin closely misses you. The frilled lizard misses you.
The quokka bites you but does no damage.
You barely miss the quokka.
The quokka is moderately wounded.
The quokka barely misses you. The goblin hits you with a +0 club.
* * * LOW HITPOINT WARNING * * *
The frilled lizard bites you.
* * * LOW HITPOINT WARNING * * *
You hit the quokka.
You kill the quokka!
The frilled lizard barely misses you. The goblin hits you with a +0 club.
You die...

####
..####..#####
......g@....#
..####l####.#
... #.##. #
.. .. ... ###


You could see a goblin and a frilled lizard.

Vanquished Creatures
  An endoplasm (D:1)
  2 hobgoblins (D:1)
  A quokka (D:2)
  A frilled lizard (D:1)
5 creatures vanquished.

Notes
Turn   | Place    | Note
-------+----------+-------------------------------------------
     0 | D:1      | Raikaria the Formicid Warper began the quest for the Orb.
     0 | D:1      | Reached XP level 1. HP: 16/16 MP: 3/3
   127 | D:2      | Slain by a goblin

Illustrated notes

Levels and vault maps discovered:
D:1:      roderic_crop_circles_arrival_small, layout_loops_corners,
          nicolae_shop_vocational
D:2:      layout_basic, dreamdust_ecumenical_altar_grove,
          dreamdust_wishing_well, minmay_circle_x

Action                   || total
-------------------------++-------
Melee: Mace              ||    22
Armor: Leather armour    ||     8
Dodge: Dodged            ||    22
